 Dungeon Crawl Stone Soup version 0.19.1 (webtiles) character file.

11 M4edhros the Grave Robber (level 2, -1/17 HPs)
             Began as an Octopode Necromancer on Dec 26, 2016.
             Slain by Jessica (3 damage)
             ... on level 2 of the Dungeon.
             The game lasted 00:01:44 (376 turns).

M4edhros the Grave Robber (Octopode Necromancer)     Turns: 376, Time: 00:01:45

Health: -1/17      AC:  1    Str:  7    XL:     2   Next: 29%
Magic:  3/5        EV: 13    Int: 17    God:
Gold:   16         SH:  0    Dex: 12    Spells: 1 memorised, 4 levels left

rFire  . . .     SeeInvis .       - Unarmed
rCold  . . .     Gourm    .     (no shield)
rNeg   . . .     Faith    .     (helmet restricted)
rPois  .         Spirit   .     (no amulet)
rElec  .         Reflect  .     (no ring)
rCorr  .         Harm     .     (no ring)
MR     .....                    (no ring)
Stlth  +++.......               (no ring)
                                (no ring)
                                (no ring)
                                (no ring)
                                (no ring)

@: no status effects
A: almost no armour, stealthy swim, amphibious, 8 rings, constrict 8, camouflage
1, gelatinous body 1
a: no special abilities


You were on level 2 of the Dungeon.
You were not hungry.

You visited 1 branch of the dungeon, and saw 3 of its levels.

You collected 16 gold pieces.

Inventory:

Hand Weapons
 e - a +0 blowgun
Scrolls
 c - a scroll of blinking {unknown}
 d - a scroll of remove curse {unknown}
 f - 2 scrolls of teleportation {unknown}
Books
 a - a book of Necromancy

   Spells                             Type                      Level
   a - Pain                           Necromancy                   1
   b - Animate Skeleton               Necromancy                   1
   c - Vampiric Draining              Necromancy                   3
   d - Regeneration                   Charms/Necromancy            3
   e - Animate Dead                   Necromancy                   4
   f - Control Undead                 Necromancy                   4
Comestibles
 b - a bread ration


   Skills:
 - Level 2.0 Dodging
 - Level 2.6 Stealth
 + Level 1.9 Unarmed Combat
 - Level 2.0 Spellcasting
 - Level 4.0 Necromancy


You had 4 spell levels left.
You knew the following spells:

 Your Spells              Type           Power        Failure   Level  Hunger
a - Pain                  Necr           ###.         3%          1    #......


Dungeon Overview and Level Annotations

Branches:
Dungeon (3/15)

Altars:

Annotations:
D:2 Jessica
D:3 M4edhros's ghost, weakling OpNe


Innate Abilities, Weirdness & Mutations

You cannot wear most types of armour.
You are very stealthy in the water. (Stealth+)
You are amphibious.
You can wear up to eight rings at the same time.
You can use your tentacles to constrict eight enemies at once.
Your skin changes colour to match your surroundings (Stealth+).
Your rubbery body absorbs attacks. (AC +1, EV +1)


Message History

Confirm with . or Enter, or press ? or * to list all spells.
You can't see any susceptible monsters within range! (Use Z to cast anyway.)
You aren't carrying any potions.
Jessica the Apprentice Sorceress comes into view.
Found a mace.
The helpless Jessica fails to defend herself.
You tentacle-slap Jessica. You grab Jessica.
You squeeze Jessica, but do no damage.
Jessica is lightly wounded.
You constrict Jessica, but do no damage.
Jessica closely misses you.
Casting: Pain
Confirm with . or Enter, or press ? or * to list all spells.
Aiming: Pain
Press: ? - help, Shift-Dir - straight line, f - Jessica
Aim: Jessica, wearing a robe (lightly wounded, constricted by you, chance to defeat MR: 80%) Jessica writhes in agony!
You constrict Jessica.
Jessica looks very angry.
Jessica hits you.
You die...

#......##
'........> ).#
#.).....## #.#
#.......# #.#
#.......# #.#
#.......# #.#
#.......# #.#
#.......# #@#
#.......# #@#
........# #.#
+###+##.########.#
K.. #...........#
.....#..##########
.....+.....#
.....#..##.#
#..###.....#
#.####.####


You could see Jessica.

Vanquished Creatures
  A hobgoblin (D:2)
  2 ball pythons
  4 bats
  A frilled lizard (D:2)
  A kobold (D:1)
  5 rats
14 creatures vanquished.

Notes
Turn   | Place    | Note
-------+----------+-------------------------------------------
     0 | D:1      | M4edhros the Octopode Necromancer began the quest for the Orb.
     0 | D:1      | Reached XP level 1. HP: 11/11 MP: 3/3
    43 | D:1      | You fall through a shaft!
   101 | D:2      | Reached skill level 1 in Unarmed Combat
   230 | D:3      | Noticed M4edhros's ghost (weakling OpNe)
   230 | D:3      | Reached XP level 2. HP: 6/17 MP: 1/5
   371 | D:2      | Noticed Jessica
   376 | D:2      | Slain by Jessica

Skill      XL: |  1 |
---------------+----+-----
Unarmed Combat | 1 |  1.9
Dodging        | |  2.0
Stealth        | |  2.6
Spellcasting   | |  2.0
Necromancy     | |  4.0

Action                   || total
-------------------------++-------
Melee: Unarmed           ||    16
       Constrict         ||     7
       Tentacles         ||     4
 Cast: Pain              ||    15
 Stab: Sleeping          ||     2
Armor: Skin              ||     2
Dodge: Dodged            ||    18
